Map: Eternal Empire LE

Players

ViBE - Winner!

  • Race: Protoss Protoss
  • League: Master
  • Spawn Location: 7:00

A.I. 2 (Medium)

  • Race: Zerg Zerg
  • Spawn Location: 1:00

VOD

Have the link to the VOD?

Description

Time

  • Played on: July 11, 2020, 7:37 p.m.
  • Length: 16:19
Show
View Real Time Build Order
Export as new Build Order

ViBE Protoss - Winner!

Build Orders: 1 Gate Expand, Oracle Opening, Carriers 

Get SALT Encoding   

  12  0:00  Probe  
  13  0:12  Probe  
  14  0:20  Pylon  
  14  0:24  Probe  
  15  0:37  Probe  
  15  0:39  Gateway  
  16  0:44  Assimilator  
  16  0:45  Probe  
  17  0:56  Probe  
  18  1:08  Probe  
  19  1:20  Probe  
  20  1:27  Nexus  
  20  1:34  Cybernetics Core  
  20  1:38  Probe  
  21  1:45  Assimilator  
  21  1:50  Probe  
  21  1:53  Pylon  
  22  2:01  Probe, Stalker  
  23  2:10  Probe  
  23  2:11  Warp Gate  
  26  2:18  Probe  
  27  2:28  Probe  
  27  2:34  Adept  
  30  2:40  Probe x2  
  32  2:48  Stargate, Probe  
  32  2:52  Probe  
  32  2:56  Probe  
  34  3:05  Probe  
  36  3:06  Probe  
  36  3:07  Adept  
  39  3:13  Shield Battery  
  39  3:16  Gateway  
  39  3:17  Probe  
  39  3:18  Probe  
  41  3:23  Forge  
  41  3:29  Probe  
  41  3:30  Probe  
  41  3:32  Oracle  
  46  3:48  Pylon  
  46  3:58  Nexus  
  46  4:01  Pylon  
  46  4:06  Probe x2  
  46  4:09  Oracle  
  51  4:18  Probe x2  
  51  4:21  Pylon  
  51  4:23  Photon Cannon  
  53  4:28  Shield Battery  
  53  4:30  Photon Cannon, Probe x2  
  55  4:33  Shield Battery  
  55  4:39  Photon Cannon  
  55  4:42  Probe x2  
  57  4:46  Shield Battery  
  57  4:50  Oracle  
  60  4:54  Probe x2  
  60  4:58  Photon Cannon  
  62  5:02  Photon Cannon  
  62  5:05  Shield Battery, Probe  
  63  5:07  Pylon  
  63  5:10  Assimilator, Probe x2  
  63  5:11  Assimilator  
  63  5:13  Probe  
  66  5:22  Probe x2  
  66  5:24  Probe  
  66  5:25  Stargate  
  66  5:28  Stargate  
  69  5:35  Probe x2  
  69  5:36  Protoss Air Weapons Level 1, Probe  
  69  5:40  Assimilator  
  72  5:43  Assimilator  
  72  5:44  Probe x3  
  75  5:52  Probe x3  
  75  5:53  Oracle  
  81  6:02  Probe x3  
  81  6:09  Nexus  
  81  6:11  Oracle  
  87  6:14  Probe  
  87  6:15  Pylon  
  88  6:18  Pylon  
  88  6:21  Oracle  
  88  6:22  Probe x2  
  93  6:27  Pylon  
  93  6:32  Fleet Beacon  
  93  6:35  Probe  
  93  6:36  Probe  
  93  6:37  Probe  
  96  6:41  Oracle  
  96  6:45  Photon Cannon, Protoss Shields Level 1  
  99  6:47  Photon Cannon  
  99  6:58  Photon Cannon  
  99  7:00  Probe x2  
  101  7:02  Probe  
  102  7:11  Oracle x2  
  102  7:12  Probe x2  
  102  7:14  Photon Cannon, Probe  
  111  7:18  Photon Cannon  
  111  7:20  Shield Battery  
  111  7:22  Probe  
  112  7:24  Shield Battery  
  112  7:27  Photon Cannon  
  112  7:31  Shield Battery  
  112  7:34  Photon Cannon  
  112  7:38  Shield Battery  
  112  7:41  Probe x2  
  112  7:43  Assimilator  
  114  7:44  Protoss Air Weapons Level 2  
  114  7:48  Assimilator  
  120  7:51  Carrier x2  
  120  7:53  Carrier  
  132  8:08  Twilight Council  
  132  8:11  Pylon  
  132  8:15  Pylon  
  132  8:18  Pylon  
  132  8:42  Nexus  
  132  8:45  Pylon  
  132  8:47  Charge  
  132  8:48  Pylon  
  132  8:53  Mothership  
  132  8:54  Probe x3  
  143  8:59  Unknown  
  143  9:01  Carrier x2  
  155  9:06  Probe  
  155  9:09  Carrier  
  162  9:11  Photon Cannon  
  162  9:12  Photon Cannon  
  162  9:15  Photon Cannon  
  162  9:17  Photon Cannon  
  162  9:20  Pylon, Photon Cannon  
  162  9:22  Photon Cannon  
  162  9:24  Pylon  
  162  9:26  Photon Cannon, Protoss Shields Level 2  
  162  9:28  Shield Battery  
  162  9:31  Shield Battery  
  162  9:32  Shield Battery  
  162  9:37  Shield Battery  
  162  9:39  Probe x3  
  162  9:44  Photon Cannon  
  165  9:47  Photon Cannon  
  165  9:48  Photon Cannon  
  165  9:49  Protoss Air Weapons Level 3, Shield Battery x2  
  165  9:58  Carrier  
  165  9:59  Carrier  
  165  10:06  Templar Archives  
  177  10:16  Carrier  
  183  10:28  Gateway x2  
  183  10:30  Gateway  
  183  10:32  Gateway  
  183  10:35  Gateway  
  183  10:38  Gateway  
  183  10:42  Gateway  
  183  10:43  Gateway  
  183  10:51  Psionic Storm  
  183  10:52  Robotics Facility  
  183  10:54  Carrier  
  189  11:36  Protoss Shields Level 3  
  189  11:46  Observer  
  166  12:02  Zealot x10  
  166  12:08  Observer  
  184  12:20  Protoss Air Armor Level 1  
  184  12:29  Nexus  
  184  12:32  Pylon  
  184  12:33  Carrier x2  
  184  12:34  Pylon  
  196  12:37  Stargate  
  196  12:38  Pylon  
  196  12:39  Stargate  
  194  12:45  Stargate  
  194  12:47  Stargate  
  194  12:50  Stargate  
  190  12:58  High Templar x6  
  190  13:00  High Templar x2  
  196  13:10  High Templar x2  
  190  13:15  Archon  
  190  13:31  High Templar  
  190  13:32  High Templar x4  
  200  13:38  High Templar  
  200  13:42  Archon x4  
  200  13:43  Archon  
  200  14:52  Dark Shrine  
  200  14:56  Photon Cannon  
  200  14:58  Photon Cannon  
  200  15:00  Photon Cannon  
  200  15:03  Photon Cannon  
  200  15:04  Photon Cannon  
  200  15:07  Photon Cannon  
  200  15:10  Photon Cannon  
  200  15:13  Photon Cannon  
  200  15:16  Photon Cannon  
  200  15:20  Shield Battery  
  200  15:22  Shield Battery  
  200  15:25  Shield Battery  
  200  15:29  Shield Battery  
  200  15:38  Nexus  
  200  15:40  Pylon  
  200  15:43  Pylon  
  200  15:47  Pylon  
Show
View Real Time Build Order
Export as new Build Order

A.I. 2 (Medium) Zerg 

Build Orders: 1 Base Baneling Bust, Pool First 

Get SALT Encoding   

  12  0:00  Drone  
  13  0:12  Overlord  
  13  0:16  Drone  
  14  0:30  Drone  
  14  0:33  Drone  
  16  0:44  Spawning Pool  
  16  0:45  Drone  
  16  0:50  Drone  
  16  0:53  Extractor  
  16  0:55  Drone  
  17  1:06  Overlord  
  17  1:31  Zergling x2  
  17  1:32  Queen  
  20  1:37  Zergling x2  
  20  1:38  Roach Warren, Drone  
  21  1:45  Extractor  
  20  1:49  Drone  
  21  1:57  Baneling Nest  
  21  2:00  Drone  
  21  2:10  Drone  
  22  2:21  Zergling x2  
  23  2:32  Zergling x2  
  24  2:38  Zergling x2, Overlord  
  26  2:44  Zergling x2  
  26  2:50  Zergling x2  
  27  2:55  Zergling x2  
  28  3:01  Baneling x2  
  28  3:02  Baneling  
  28  3:05  Zergling x2  
  29  3:10  Overlord  
  29  3:11  Zergling x2  
  30  3:16  Baneling  
  30  3:17  Zergling x2, Baneling  
  31  3:22  Zergling x2, Baneling  
  32  3:28  Zergling x2  
  32  3:33  Evolution Chamber  
  32  3:38  Drone  
  33  3:42  Drone  
  33  3:45  Drone  
  33  3:48  Drone  
  36  3:51  Drone  
  37  4:01  Drone  
  38  4:11  Drone  
  39  6:13  Lair, Drone, Overlord  
  39  6:15  Spore Crawler  
  39  6:16  Drone  
  39  6:17  Spore Crawler  
  39  6:19  Drone  
  39  6:20  Evolution Chamber  
  39  6:21  Hatchery  
  39  6:22  Drone  
  39  6:25  Drone  
  40  6:32  Overlord  
  40  6:42  Spine Crawler  
  40  6:43  Drone  
  39  6:49  Spine Crawler  
  39  6:51  Drone  
  39  6:53  Baneling  
  27  7:02  Zergling x2  
  28  7:10  Queen  
  28  7:11  Overseer x2  
  28  7:12  Zergling x2  
  28  7:13  Spire  
  28  7:15  Hydralisk Den, Drone  
  29  7:17  Infestation Pit  
  29  7:18  Drone  
  29  7:21  Zergling x2  
  31  7:30  Zergling x2  
  31  7:33  Drone  
  31  7:35  Spore Crawler  
  31  7:36  Spore Crawler, Drone  
  32  7:39  Drone  
  32  7:40  Baneling  
  32  7:42  Drone  
  34  7:48  Drone  
  34  7:50  Drone  
  36  7:53  Drone  
  36  7:57  Drone  
  36  7:58  Zergling x2  
  39  8:00  Drone  
  39  8:03  Drone  
  41  8:06  Drone  
  41  8:09  Drone  
  41  8:12  Drone  
  44  8:15  Drone  
  44  8:17  Drone  
  46  8:20  Drone  
  46  8:26  Mutalisk  
  47  8:27  Drone  
  47  8:28  Spine Crawler  
  47  8:30  Drone  
  47  8:33  Drone  
  51  8:37  Overlord  
  51  8:40  Drone  
  52  8:42  Spine Crawler  
  52  8:48  Mutalisk, Queen  
  51  8:49  Drone  
  51  8:52  Drone  
  57  8:57  Mutalisk  
  59  9:05  Overseer  
  59  9:06  Mutalisk, Overlord  
  61  9:16  Mutalisk  
  63  9:25  Mutalisk  
  65  9:38  Extractor  
  65  9:40  Extractor  
  63  10:01  Drone  
  63  10:04  Drone  
  63  10:07  Drone  
  66  10:09  Drone  
  66  10:11  Overlord  
  66  10:12  Drone  
  68  10:51  Corruptor, Pneumatized Carapace  
  68  10:52  Overseer, Zerg Flyer Weapons Level 1, Overlord  
  70  11:00  Mutalisk  
  72  11:10  Mutalisk  
  63  11:19  Mutalisk  
  63  11:21  Overseer  
  59  11:25  Overseer  
  59  11:26  Overlord  
  59  11:28  Hatchery  
  59  11:29  Corruptor  
  60  11:35  Hive  
  60  11:39  Mutalisk  
  62  11:48  Mutalisk  
  64  11:57  Mutalisk  
  66  12:07  Mutalisk  
  68  12:16  Mutalisk  
  70  12:25  Mutalisk  
  72  12:41  Drone, Queen  
  75  12:45  Drone, Spore Crawler  
  75  12:46  Zerg Flyer Armor Level 1  
  75  12:48  Drone  
  75  12:51  Overseer, Ultralisk Cavern  
  76  12:52  Drone, Overlord  
  76  12:55  Drone  
  76  12:57  Extractor  
  76  12:58  Drone  
  77  13:01  Extractor, Drone, Spore Crawler  
  77  13:04  Spore Crawler, Drone  
  76  13:07  Drone  
  76  13:10  Drone  
  78  13:13  Drone  
  78  13:14  Overlord  
  78  13:15  Drone  
  78  13:18  Drone  
  81  13:21  Drone  
  81  13:24  Drone  
  81  13:25  Spine Crawler  
  81  13:27  Spine Crawler, Drone  
  81  13:30  Drone  
  81  13:33  Drone  
  84  13:39  Overseer, Overlord  
  84  14:03  Overseer, Overlord  
  84  14:09  Overseer  
  84  14:22  Overlord  
  84  14:31  Hydralisk  
  84  14:33  Overseer  
  84  14:35  Overlord  
  84  14:36  Spine Crawler  
  84  14:38  Overseer  
  77  14:40  Roach, Spine Crawler  
  77  14:43  Spine Crawler  
  68  14:49  Zergling x2  
  68  14:50  Overseer  
  68  14:51  Overlord  
  68  14:52  Overseer  
  61  15:02  Overseer, Overlord  
  58  15:09  Hydralisk  
  58  15:12  Overlord  
  59  15:18  Overseer  
  59  15:20  Queen  
  59  15:21  Overseer, Overlord  
  57  15:30  Viper  
  57  15:32  Overseer  
  57  15:33  Overlord  
  58  15:40  Hydralisk  
  46  15:45  Overseer  
  46  15:46  Overseer  
  46  15:48  Zergling x2  
  28  15:52  Drone  
Tags
 
Add a new tag
Caveats
  • Supply blocks, unpowered buildings, or Contaminate may cause inaccurate times.
  • Supply counts are checked every 10 seconds.